 Dungeon Crawl Stone Soup version 0.24.0-41-g2ae2f7f1be (webtiles) character file.

Game seed: 8336607626369828454, levelgen mode: deterministic

25810 Goreval the Unseen (level 12, -2/54 HPs)
             Began as a Felid Enchanter on Dec 11, 2019.
             Was the Champion of Dithmenos.
             Slain by an eight-headed hydra (15 damage)
             ... on level 6 of the Lair of Beasts on Dec 12, 2019.
             The game lasted 01:34:43 (25513 turns).

Goreval the Unseen (Felid Enchanter)               Turns: 25513, Time: 01:34:43

Health: -2/54      AC:  5    Str:  6    XL:     12   Next: 92%
Magic:  16/20      EV: 28    Int: 21    God:    Dithmenos [******]
Gold:   500        SH:  0    Dex: 21    Spells: 10/20 levels left
                                        Lives:  0   Deaths: 3

rFire    . . .     SeeInvis +     - Unarmed
rCold    + . .     Gourm    .   (shield unavailable)
rNeg     . . .     Faith    .   (armour unavailable)
rPois    .         Spirit   .   (helmet unavailable)
rElec    .         Reflect  .   (cloak unavailable)
rCorr    +         Harm     .   (gloves unavailable)
MR       +....                  (boots unavailable)
Stlth    ++++++++++             a - amulet of rage
HPRegen  0.18/turn              r - +4 ring of dexterity
MPRegen  0.17/turn              h - ring of resist corrosion

@: wreathed by umbra, quick
A: very small, no armour, no weapons or thrown items, stealth, claws 1, fangs 3,
icy blue scales 1, see invisible, carnivore, speed 1, sense surroundings 1,
shaggy fur 3, slow metabolism 1, strong 1, sharp paws
a: Shadow Step, Shadow Form, Renounce Religion, Evoke Berserk Rage


You were on level 6 of the Lair of Beasts.
You worshipped Dithmenos.
Dithmenos was exalted by your worship.
You were completely stuffed.

You visited 3 branches of the dungeon, and saw 17 of its levels.

You collected 942 gold pieces.
You spent 442 gold pieces at shops.

Inventory:

Jewellery
 a - an amulet of rage (around neck)
 h - a ring of resist corrosion (right paw)
 j - an uncursed amulet of faith
 r - a +4 ring of dexterity (left paw)
 u - an uncursed ring of positive energy
 v - an uncursed amulet of regeneration
 y - an uncursed amulet of magic regeneration
 E - an uncursed ring of protection from magic
 I - an uncursed ring of magical power {unknown}
Wands
 s - a wand of flame (21)
 A - a wand of scattershot (6)
 B - a wand of random effects (39)
 C - a wand of iceblast (11)
 J - a wand of enslavement (4)
 K - a wand of paralysis (19)
Scrolls
 c - 2 scrolls of amnesia
 d - 9 scrolls of remove curse
 e - 4 scrolls of teleportation
 f - 5 scrolls of identify
 q - 4 scrolls of magic mapping
 D - 2 scrolls of fog
 F - 2 scrolls of fear
 H - a scroll of noise {unknown}
Potions
 g - a potion of invisibility
 i - 9 potions of curing
 k - a potion of might
 l - 4 potions of magic
 m - 3 potions of haste
 n - 2 potions of brilliance
 o - a potion of resistance
 p - 3 potions of lignification
 t - 2 potions of ambrosia
 w - 6 potions of flight
 x - a potion of agility
 z - 3 potions of cancellation
 G - a potion of degeneration {unknown}
Comestibles
 b - 31 rations
 L - 9 chunks of flesh


   Skills:
 + Level 7.5 Fighting
 + Level 10.6 Dodging
 - Level 17.0 Stealth
 - Level 9.3 Unarmed Combat
 + Level 4.7 Spellcasting
 + Level 11.1 Hexes
 + Level 1.3 Air Magic
 - Level 5.3 Poison Magic
 + Level 7.0 Invocations
 + Level 7.1 Evocations


You had 10 spell levels left.
You knew the following spells:

 Your Spells              Type           Power        Failure   Level  Hunger
a - Ensorcelled Hibernat  Hex/Ice        ####..       1%          2    #......
b - Confuse               Hex            ######..     1%          3    ##.....
c - Dazzling Spray        Conj/Hex       ####..       3%          3    ##.....
f - Poisonous Vapours     Pois/Air       ###...       4%          2    #......

Your spell library contained the following spells:

 Spells                   Type           Power        Failure   Level  Hunger
 Corona                   Hex            ######.      1%          1    None
 Tukima's Dance           Hex            ######..     1%          3    ##.....
 Mephitic Cloud           Conj/Pois/Air  ##......     13%         3    ##.....
 Summon Mana Viper        Hex/Summ       ####....     30%         5    ######.
 Conjure Flame            Conj/Fire      #.......     32%         3    ##.....
 Freezing Cloud           Conj/Ice/Air   #.........   100%        6    #######
 Ring of Flames           Chrm/Fire      #.........   100%        7    #######


Dungeon Overview and Level Annotations

Branches:
Dungeon (10/15)            Temple (0/1) D:6            Lair (6/6) D:10
 Shoals (0/4) Lair:4        Snake (1/4) Lair:4        Slime (0/5) Lair:5
    Orc (0/2) D:10

Altars:
Ashenzari
Cheibriados
Dithmenos
Elyvilon
Fedhas
Gozag
Kikubaaqudgha
Makhleb
Qazlal
Trog
Xom
The Shining One
Jiyva
Lugonu

Shops:
D:9 !

Annotations:
D:10 1 transporter, exclusion: obsidian statue
Lair:1 3 runed translucent doors, Purph's ghost, journeyman MiBe
Lair:2 exclusion: oklob plant
Lair:5 1 runed translucent door


Innate Abilities, Weirdness & Mutations

You cannot wear armour.
You are incapable of wielding weapons or throwing items.
Your paws allow you to move quietly. (Stealth)
You have sharp claws.
You have razor-sharp teeth.
You have supernaturally acute eyesight. (SInv)
You are carnivorous and can eat meat at any time.
You cover ground quickly.
Your thick and shaggy fur keeps you warm. (AC +3, rC+)
You have a slow metabolism.
Your sharp claws are effective at attacking unaware monsters.
You are partially covered in icy blue scales. (AC +2)
You passively map a small area around you.
Your muscles are strong. (Str +2)


Message History

The eight-headed hydra resists with some effort.
Aim: an eight-headed hydra (umbra, chance to defeat MR: 38%)
The eight-headed hydra appears confused.
Found 9 gold pieces.
Here: an eight-headed hydra (confused, umbra)
The floor.
You scratch the eight-headed hydra.
Your shadow hits the eight-headed hydra.
The eight-headed hydra misses you.
The eight-headed hydra closely misses you.
The eight-headed hydra misses you.
The eight-headed hydra bites you but does no damage.
The eight-headed hydra completely misses you.
The eight-headed hydra closely misses you.
The eight-headed hydra bites you! x2
* * * LOW HITPOINT WARNING * * *
Unknown command.
You claw the eight-headed hydra! You scratch the eight-headed hydra.
The eight-headed hydra bites you!
You die...

##.# * #.. ,
##..P#†
#...###..####....
#......
##..#.#.#.#.#.....
#....#.
#..........(......,
.......
#.................
,.......
#...............,
.....##
#...............
....#*
#.†......D......
...#*
#..#.#..@.......
.## *
#..#####..##...$ *
≈ ##...###...#, . *
#....##...#.....
##..........P... *
≈ ##.......#.......
** ≈
#...P###.###.....
##.÷÷....#.......
###.P.............


You could see an eight-headed hydra (confused).

Vanquished Creatures
  Frances (Snake:1)
  4 hydras
  2 catoblepae
  A two-headed ogre (D:8)
  Nergalle (Lair:2)
  An unseen horror (D:10)
  A lindwurm (Lair:3)
  A necromancer (Lair:2)
  2 black mambas
  A molten gargoyle (Lair:6)
  3 torpor snails (Lair:3)
  4 rime drakes
  9 spiny frogs
  6 komodo dragons
  2 trolls (D:10)
  5 hippogriffs
  3 hornets
  A snapping turtle (Lair:4)
  Sigmund (D:4)
  54 yaks
  2 wyverns
  Grum (D:9)
  3 basilisks
  Menkaure (D:4)
  A soldier ant (D:10)
  4 hell hounds (Lair:6)
  A warg (D:10)
  13 water moccasins
  9 porcupines
  An ice beast (D:9)
  5 orc warriors
  2 sky beasts (D:7)
  10 ogres
  5 wolves
  A hornet zombie (D:9)
  7 centaurs
  18 crocodiles
  15 bullfrogs
  A scorpion (D:9)
  25 killer bees
  4 wights (D:8)
  2 howler monkeys
  2 electric eels
  5 crimson imps
  A centaur zombie (D:9)
  2 bullfrog zombies
  A quasit (D:6)
  4 hounds
  3 jellies
  8 orc priests
  A gnoll shaman (D:5)
  3 centaur skeletons
  3 bullfrog skeletons
  8 orc wizards
  11 iguanas
  8 worker ants
  3 yak simulacra (Lair:2)
  2 wolf simulacra (Lair:2)
  4 polar bear simulacra (Lair:2)
  A hound zombie (D:6)
  2 hound skeletons
  A worker ant zombie (D:5)
  15 adders
  12 gnolls
  A shadow imp (D:8)
  2 adder zombies
  3 oozes
  An adder skeleton (D:9)
  2 worms
  2 dart slugs
  4 leopard geckos
  31 orcs
  9 giant cockroaches
  12 goblins
  4 hobgoblins
  15 jackals
  7 quokkas
  2 ball pythons
  4 bats
  2 frilled lizards
  A jackal skeleton (D:4)
  9 kobolds
  A leopard gecko zombie (D:5)
  6 rats
  A river rat simulacrum (Lair:2)
  A butterfly (Lair:4)
454 creatures vanquished.

Vanquished Creatures (others)
  4 bushes (Lair:6)
  5 fungi
  27 plants
36 creatures vanquished.

Grand Total: 490 creatures vanquished

Notes
Turn   | Place    | Note
-------+----------+-------------------------------------------
     0 | D:1      | Goreval the Felid Enchanter began the quest for the Orb.
     0 | D:1      | Reached XP level 1. HP: 7/7 MP: 4/4
   288 | D:1      | Reached XP level 2. HP: 11/11 MP: 6/6
   292 | D:1      | Learned a level 2 spell: Ensorcelled Hibernation
  1121 | D:1      | Reached XP level 3. HP: 14/14 MP: 7/7
  1177 | D:1      | Learned a level 3 spell: Confuse
  1427 | D:2      | Found a shadowy altar of Dithmenos.
  1433 | D:2      | Became a worshipper of Dithmenos the Shadowed
  2387 | D:2      | Reached XP level 4. HP: 18/18 MP: 5/8
  2498 | D:4      | Noticed Menkaure
  2519 | D:4      | Reached skill level 5 in Stealth
  2989 | D:3      | Reached skill level 5 in Hexes
  3206 | D:3      | Reached * piety under Dithmenos
  3375 | D:3      | Reached XP level 5. HP: 21/21 MP: 6/9
  3384 | D:3      | Learned a level 3 spell: Dazzling Spray
  3772 | D:4      | Found a shimmering altar of Xom.
  3805 | D:5      | Entered Level 5 of the Dungeon
  4032 | D:4      | Reached skill level 6 in Stealth
  4133 | D:4      | Gained mutation: You are covered in thick fur. (AC +2)
                  | [Felid growth]
  4133 | D:4      | Reached XP level 6. HP: 19/24 MP: 11/11
  4254 | D:4      | Noticed Sigmund
  4259 | D:4      | Killed Sigmund
  4556 | D:4      | Reached skill level 7 in Stealth
  4814 | D:5      | Reached XP level 7. HP: 27/27 MP: 7/12
  4918 | D:5      | Found an opulent altar of Gozag.
  4918 | D:5      | Found a shattered altar of Ashenzari.
  4919 | D:5      | Found a burning altar of Makhleb.
  4919 | D:5      | Found a shadowy altar of Dithmenos.
  4919 | D:5      | Found a bloodstained altar of Trog.
  4919 | D:5      | Found a snail-covered altar of Cheibriados.
  4919 | D:5      | Found a glowing golden altar of the Shining One.
  4920 | D:5      | Found a stormy altar of Qazlal.
  5198 | D:5      | Reached ** piety under Dithmenos
  5731 | D:5      | Reached skill level 8 in Stealth
  5755 | D:5      | Found a blossoming altar of Fedhas.
  5757 | D:5      | Found an ancient bone altar of Kikubaaqudgha.
  5778 | D:5      | Reached skill level 5 in Unarmed Combat
  6518 | D:3      | Reached XP level 8. HP: 31/31 MP: 10/13
  6945 | D:4      | Killed Menkaure
  6945 | D:4      | Reached skill level 9 in Stealth
  7493 | D:6      | Found a staircase to the Ecumenical Temple.
  8011 | D:6      | Reached skill level 10 in Stealth
  8069 | D:6      | Reached *** piety under Dithmenos
  9346 | D:7      | Identified the +10 long sword of Karma {flame, MR+}
  9349 | D:7      | Found a white marble altar of Elyvilon.
  9467 | D:7      | Reached XP level 9. HP: 32/34 MP: 9/14
  9855 | D:7      | Reached skill level 5 in Dodging
  9930 | D:7      | Reached skill level 11 in Stealth
 11320 | D:8      | Noticed a two-headed ogre
 11349 | D:8      | Killed a two-headed ogre
 11349 | D:8      | Reached skill level 12 in Stealth
 11349 | D:8      | Reached XP level 10. HP: 37/37 MP: 9/15
 12103 | D:8      | Reached **** piety under Dithmenos
 12138 | D:8      | Reached skill level 1 in Evocations
 12742 | D:9      | Identified a scroll of acquirement
 12742 | D:9      | Identified Sif Muna's Catalogue of Enthralling Toxins (You
                  | acquired it on level 9 of the Dungeon)
 12754 | D:9      | Learned a level 2 spell: Poisonous Vapours
 12844 | D:9      | Noticed Grum
 12854 | D:9      | Killed Grum
 12854 | D:9      | Reached skill level 1 in Poison Magic
 12977 | D:10     | Entered Level 10 of the Dungeon
 12983 | D:10     | Reached skill level 10 in Hexes
 13024 | D:9      | Reached skill level 13 in Stealth
 13790 | D:9      | Found Toutexax's Distillery.
 13793 | D:9      | Bought a potion of invisibility for 104 gold pieces
 13793 | D:9      | Bought a potion of curing for 39 gold pieces
 13793 | D:9      | Bought a potion of curing for 39 gold pieces
 13793 | D:9      | Bought a potion of resistance for 130 gold pieces
 13793 | D:9      | Bought a potion of haste for 130 gold pieces
 14412 | D:10     | Noticed a fire dragon
 14439 | D:10     | Reached skill level 5 in Poison Magic
 14452 | D:10     | Found a staircase to the Lair.
 14459 | D:10     | Killed from afar by a fire dragon
 14460 | D:10     | Reached XP level 9. HP: -10/34 MP: 12/14
 14770 | D:10     | Noticed a troll
 14778 | D:10     | Killed a troll
 14778 | D:10     | Reached skill level 14 in Stealth
 14778 | D:10     | Reached XP level 10. HP: 37/37 MP: 10/15
 14826 | D:10     | Reached ***** piety under Dithmenos
 15201 | D:10     | Found a transporter.
 15203 | D:10     | Noticed a white ugly thing
 15206 | D:10     | Reached skill level 15 in Stealth
 15213 | D:10     | Noticed a cyan ugly thing
 15368 | D:10     | Noticed a cyan ugly thing
 15382 | D:10     | Noticed an unseen horror
 15386 | D:10     | Killed an unseen horror
 15409 | D:10     | Noticed an obsidian statue
 15411 | D:10     | Reached skill level 16 in Stealth
 15494 | D:10     | Noticed an orange demon
 15569 | D:10     | Found a corrupted altar of Lugonu.
 15602 | D:10     | Found a staircase to the Orcish Mines.
 16364 | D:10     | Reached XP level 11. HP: 18/40 MP: 1/16
 16717 | Lair:1   | Entered Level 1 of the Lair of Beasts
 16719 | Lair:1   | Reached skill level 17 in Stealth
 16882 | Lair:1   | Noticed a four-headed hydra
 16883 | Lair:1   | You fall into a shaft and drop 1 floor!
 16889 | Lair:2   | Noticed a catoblepas
 16901 | Lair:1   | Reached skill level 1 in Invocations
 17265 | Lair:1   | Gained mutation: You have a pair of small horns on your
                  | head. [potion of mutation]
 17265 | Lair:1   | Gained mutation: You are somewhat resistant to further
                  | mutation. [potion of mutation]
 17265 | Lair:1   | Gained mutation: Your mind is acute. (Int +2) [potion of
                  | mutation]
 17266 | Lair:1   | Lost mutation: You are somewhat resistant to further
                  | mutation. [potion of mutation]
 17266 | Lair:1   | Lost mutation: You have a pair of small horns on your head.
                  | [potion of mutation]
 17266 | Lair:1   | Gained mutation: You are partially covered in icy blue
                  | scales. (AC +2) [potion of mutation]
 17266 | Lair:1   | Gained mutation: You do not regenerate when monsters are
                  | visible. [potion of mutation]
 17266 | Lair:1   | Lost mutation: Your mind is acute. (Int +2) [potion of
                  | mutation]
 17266 | Lair:1   | Gained mutation: You have a pair of small horns on your
                  | head. [potion of mutation]
 17267 | Lair:1   | Lost mutation: You have a pair of small horns on your head.
                  | [potion of mutation]
 17267 | Lair:1   | Lost mutation: You do not regenerate when monsters are
                  | visible. [potion of mutation]
 17267 | Lair:1   | Gained mutation: You passively map a small area around you.
                  | [potion of mutation]
 17267 | Lair:1   | Gained mutation: Your muscles are strong. (Str +2) [potion
                  | of mutation]
 17751 | Lair:1   | HP: 1/41 [yak (11)]
 17751 | Lair:1   | Slain by a yak
 17752 | Lair:1   | Reached XP level 10. HP: -3/38 MP: 4/15
 17752 | Lair:1   | Noticed a spiny frog
 17756 | Lair:1   | Killed a spiny frog
 17756 | Lair:1   | Reached skill level 1 in Fighting
 17812 | Lair:1   | Found a runed translucent gate.
 17812 | Lair:1   | Found a runed translucent gate.
 17814 | Lair:1   | Found a runed translucent gate.
 17816 | Lair:1   | Noticed Purph's ghost (journeyman MiBe)
 17816 | Lair:1   | Noticed a spectral eight-headed hydra
 17827 | Lair:1   | Slain by a four-headed hydra
 17828 | Lair:1   | Reached XP level 9. HP: -2/35 MP: 1/14
 18097 | Lair:1   | Killed a four-headed hydra
 18458 | Lair:2   | Killed a catoblepas
 18458 | Lair:2   | Reached XP level 10. HP: 40/40 MP: 15/15
 18524 | Lair:2   | Noticed a black mamba
 18531 | Lair:2   | Killed a black mamba
 18639 | Lair:2   | Noticed an oklob plant
 18704 | Lair:2   | Noticed a necromancer
 18708 | Lair:2   | Killed a necromancer
 19003 | Lair:2   | Noticed Nergalle
 19006 | Lair:2   | Killed Nergalle
 19788 | Lair:3   | Found a snail-covered altar of Cheibriados.
 19788 | Lair:3   | Noticed a torpor snail
 19788 | Lair:3   | Noticed a torpor snail
 19822 | Lair:3   | Killed a torpor snail
 19825 | Lair:3   | Killed a torpor snail
 19825 | Lair:3   | Reached skill level 5 in Invocations
 19867 | Lair:3   | Reached XP level 11. HP: 46/46 MP: 9/16
 20253 | Lair:3   | Reached skill level 5 in Fighting
 20258 | Lair:3   | Reached skill level 5 in Evocations
 21192 | Lair:3   | Noticed a lindwurm
 21214 | Lair:3   | Killed a lindwurm
 21368 | Lair:3   | Noticed a four-headed hydra
 21377 | Lair:3   | Killed a four-headed hydra
 21661 | Lair:4   | Noticed a six-headed hydra
 21664 | Lair:4   | Killed a six-headed hydra
 21987 | Lair:4   | Found a staircase to the Snake Pit.
 22030 | Lair:4   | Found a staircase to the Shoals.
 22035 | Lair:4   | Gained mutation: Your thick and shaggy fur keeps you warm.
                  | (AC +3, rC+) [Felid growth]
 22035 | Lair:4   | Reached XP level 12. HP: 53/53 MP: 18/18
 22202 | Lair:5   | Found a runed translucent door.
 22202 | Lair:5   | Found a viscous altar of Jiyva.
 22202 | Lair:5   | Noticed an azure jelly
 22202 | Lair:5   | Noticed an azure jelly
 22202 | Lair:5   | Noticed an azure jelly
 22230 | Snake:1  | Entered Level 1 of the Snake Pit
 22230 | Snake:1  | Noticed Frances
 22233 | Snake:1  | Killed Frances
 22343 | Lair:5   | Noticed a five-headed hydra
 22385 | Lair:4   | Killed a five-headed hydra
 22385 | Lair:4   | Reached skill level 10 in Dodging
 23112 | Lair:5   | Found a staircase to the Slime Pits.
 23112 | Lair:5   | Noticed an azure jelly
 24392 | Lair:6   | Entered Level 6 of the Lair of Beasts
 24420 | Lair:6   | Reached ****** piety under Dithmenos
 24764 | Lair:6   | Noticed a catoblepas
 24781 | Lair:6   | Killed a catoblepas
 24781 | Lair:6   | Noticed an eight-headed hydra
 24796 | Lair:6   | Reached skill level 1 in Air Magic
 24797 | Lair:6   | HP: 1/54 [crocodile (17)]
 25513 | Lair:6   | Slain by an eight-headed hydra

Levels and vault maps discovered:
D:1:      ebering_trefoil_twist, layout_loops_corners, minmay_pentomino_z4
D:2:      layout_basic, first_ration, nicolae_dithmenos_through_a_glass_darkly
D:3:      layout_basic, palyth_stone_intersect, kennysheep_generic_room_3
D:4:      layout_loops_cross, xom_teletrap_fun, uniq_menkaure, uniq_sigmund
D:5:      layout_cave_pods, grunt_temple_overflow_growth_and_decay,
          grunt_temple_overflow_open
D:6:      layout_basic, minmay_temple_entry_slanted
D:7:      layout_gridville, elyvilon_altar_3
D:8:      layout_basic, grunt_pizzeria, serial_bayou_crossing
D:9:      layout_basic, serial_shops, shop, kennysheep_generic_room_12,
          uniq_grum
D:10:     gammafunk_corrupted_shrine, layout_basic, minmay_lair_entry_lava,
          minmay_orc_entry_guard_dogs, dk_vineyard_1,
          minmay_misc_feat_four_crosses, minivault_15, kennysheep_generic_room_8
Lair:1:   layout_big_grid, gammafunk_ghost_necromancy, grunt_megastairs_2
Lair:2:   layout_misc_corridors, nicolae_quartered_pool_little,
          minmay_lair_oklob_bushes, eino_house_with_fridge, grunt_megastairs_3,
          lemuel_fruit_tree, uniq_nergalle
Lair:3:   cheibrodos_lair_overgrown_chateau, layout_loops_ring,
          kennysheep_snail_temple, infiniplex_staircase_pool_2
Lair:4:   layout_loops_ring, minmay_shoals_entry_hut, dummy_snake_entry,
          grunt_megastairs_1, lemuel_fruit_fields, infiniplex_staircase_pool
Lair:5:   layout_roguey, slime_altar_2, grunt_megastairs_4
Lair:6:   cheibrodos_lair_end_hotspot, layout_regular_city
Snake:1:  layout_chambers, basic_altar, minmay_shop_grove, uniq_frances

Skill      XL: |  1  2  3  4  5  6  7  8  9 10 11 12 |
---------------+-------------------------------------+-----
Dodging        | 3 4 8 7 9 10 | 10.6
Unarmed Combat | 2 3 4 5 7 8 9 |  9.3
Stealth        | 5 6 7 8 10 14 16 17 | 17.0
Hexes          | 5 6 7 8 9 10 11 | 11.1
Spellcasting   | 3 4 |  4.7
Evocations     | 4 5 7 |  7.1
Poison Magic   | 5 |  5.3
Invocations    | 3 5 7 |  7.0
Fighting       | 2 4 6 7 |  7.5
Air Magic      | 1 |  1.3

Action                   |  1- 3 |  4- 6 |  7- 9 | 10-12 || total
-------------------------+-------+-------+-------+-------++-------
Melee: Unarmed           |    87 |   101 |   250 |   467 ||   905
       Bite              |     5 |     7 |    12 |    18 ||    42
       Punch             |       |       |     5 |    11 ||    16
 Cast: Corona            |     4 |       |       |       ||     4
       Ensorcelled Hiber |    23 |    19 |   156 |   170 ||   368
       Confuse           |       |     4 |    16 |    55 ||    75
       Dazzling Spray    |       |       |     2 |    27 ||    29
       Poisonous Vapours |       |       |       |     8 ||     8
Invok: Shadow Step       |       |       |     1 |     3 ||     4
 Abil: Evoke Berserk Rag |     1 |     3 |     5 |     7 ||    16
Evoke: Wand              |       |       |       |     2 ||     2
  Use: Scroll            |       |    14 |     4 |     7 ||    25
       Potion            |       |       |       |     6 ||     6
 Stab: Sleeping          |    22 |    31 |    83 |   188 ||   324
       Confused          |       |     1 |    12 |    29 ||    42
       Distracted        |       |     1 |     2 |     6 ||     9
       Invisible         |       |       |       |     2 ||     2
  Eat: Chunk             |    12 |    10 |    31 |    48 ||   101
Armor: Skin              |     8 |     1 |    14 |    11 ||    34
Dodge: Dodged            |    82 |    78 |   249 |   407 ||   816
